AoeStats
← PiroTrix

Arabia

509742926Analyzed
2v2 RM · 4d ago on Sep 27, 2026· 23m 27s· 4 players
Game mode
Random Map
Map size
Medium (4 player)
Population
200
Speed
Normal
Resources
Standard
Victory
Conquest
Starting age
Dark Age
Ending age
Imperial Age
RankedLock teamsTeams togetherTeam positionsShared explorationLock speedFull tech treeHidden civsTurbo modeCheats
Victory
Defeat
🇨🇱 Khmer · Chile
865
+16
🇦🇺 Mongols · Australia
863
+16
🇸🇪 Varangians · Sweden
900
-17
🇨🇱 Franks · Chile
832
-36
jd58424
6:30 Loom
10:25 Feudal Age
18:21 Castle Age
Gwyn
11:17 Feudal Age
9:33 Loom
14:50 Castle Age
13:04 Double-Bit Axe
13:34 Horse Collar
14:59 Gold Mining
15:43 Bow Saw
23:05 Husbandry
23:16 Bloodlines
23:56 Heavy Plow
squat
5:19 Loom
9:48 Feudal Age
10:54 Double-Bit Axe
13:38 Bloodlines
21:08 Castle Age
23:31 Wheelbarrow
23:08 Bow Saw
23:12 Horse Collar
23:29 Gold Mining
PiroTrix
11:54 Feudal Age
12:42 Double-Bit Axe
23:25 Castle Age
Connection lost

Rejoining the realm…

Still unreachable

The connection could not be restored.

Session expired

The server has moved on; the page needs a fresh start.